 Dungeon Crawl Stone Soup version 0.28-a0-1613-gdaab1c2f9b (webtiles) character file.

Game seed: 6638301222806723074

491 soggyman666 the Magician (level 7, -9/45 HPs)
             Began as a Djinni Conjurer on Jan 22, 2022.
             Mangled by an ogre (17 damage)
             ... on level 4 of the Dungeon.
             The game lasted 00:30:51 (5505 turns).

soggyman666 the Magician (Djinni Conjurer)          Turns: 5505, Time: 00:30:51

Health: -9/45      AC:  4    Str:  6    XL:     7   Next: 37%
Gold:   136        EV: 13    Int: 22    God:
                   SH:  0    Dex: 17

rFire   + + .      SeeInvis .   i - +2 dagger (pain)
rCold   x . .      Faith    .   (no shield)
rNeg    . . .      Spirit   .   a - +1 robe
rPois   ∞          Reflect  .   (no helmet)
rElec   .          Harm     .   (no cloak)
rCorr   .          Rampage  .   b - +0 pair of gloves
Will    +....                   (boots unavailable)
Stlth   ++........              (no amulet)
HPRegen 0.15/turn               g - ring of willpower
MPRegen 0.00/turn               c - +6 ring of dexterity

@: flying
A: sickness immunity, fire resistance 2, cold vulnerability 1, float, innate
caster, hp casting, extra vitality 1
a: no special abilities


You were on level 4 of the Dungeon.
You visited 1 branch of the dungeon, and saw 4 of its levels.

You collected 136 gold pieces.

Inventory:

Hand Weapons
 i - a +2 dagger of pain (weapon)
Armour
 a - a +1 robe (worn)
 b - a +0 pair of gloves (worn)
 h - the +0 leather armour of Opeputh {rElec}
   (You found it on level 3 of the Dungeon)

   rElec:     It insulates you from electricity.
Jewellery
 c - a +6 ring of dexterity (right hand)
 d - a ring of ice
 g - a ring of willpower (left hand)
Potions
 e - 2 potions of haste {unknown}
 j - a potion of curing {unknown}


   Skills:
 + Level 0.3 Armour
 + Level 3.1 Dodging
 + Level 2.9 Stealth
 + Level 5.9 Spellcasting


You couldn't memorise any spells.
You knew the following spells:

 Your Spells              Type           Power      Damage    Failure   Level
a - Magic Dart            Conj           100%       1d8       1%          1
b - Searing Ray           Conj           64%        2d6       1%          2
c - Dazzling Flash        Conj/Hex       64%        N/A       2%          3
d - Fulminant Prism       Conj/Hex       16%        3d11      9%          4
e - Iskenderun's Mystic   Conj/Tloc      32%        2d8       9%          4
f - Beastly Appendage     Tmut           64%        N/A       1%          1
g - Wereblood             Tmut           32%        N/A       1%          2
h - Corpse Rot            Necr/Air       64%        N/A       1%          2
Your spell library was empty.

Dungeon Overview and Level Annotations

Branches:
Dungeon (4/15)
 Temple: D:4-7

Altars:


Innate Abilities, Weirdness & Mutations

You are immune to sickness and miasma.
You are immune to poison.
Your flesh is very heat resistant. (rF++)
You are vulnerable to cold. (rC-)
You float through the air rather than walking.
You learn spells naturally, not from books.
Your magical power is your life essence.
You have superior vitality. (+4 MHP)


Message History

Casting: Dazzling Flash (dangerous; 2% risk of failure)
Confirm with . or Enter, or press ? or * to list all spells.
Aiming: Magic Dart (safe; 1% risk of failure)
Press: ? - help, Shift-Dir - straight line, f - ogre
Aim: an ogre, wielding a +0 giant spiked club (lightly wounded, blind, 100% to hit)
The magic dart hits the ogre.
The ogre is lightly wounded.
The ogre closely misses you.
Unknown command.
The ogre is no longer blind.
Casting: Magic Dart (safe; 1% risk of failure)
Confirm with . or Enter, or press ? or * to list all spells.
Aiming: Magic Dart (safe; 1% risk of failure)
Press: ? - help, Shift-Dir - straight line, f/p - ogre
Aim: an ogre, wielding a +0 giant spiked club (lightly wounded, 100% to hit)
Okay, then.
Casting: Magic Dart (safe; 1% risk of failure)
Confirm with . or Enter, or press ? or * to list all spells.
Casting: Dazzling Flash (dangerous; 2% risk of failure)
Press: ? - help, Dir - look around, f - activate
Casting: Dazzling Flash (dangerous; 2% risk of failure)
Confirm with . or Enter, or press ? or * to list all spells.
Casting: Dazzling Flash (dangerous; 2% risk of failure)
Press: ? - help, Dir - look around, f - activate The ogre hits you with a +0 giant spiked club!!
Ouch! That really hurt!
* * * LOW HITPOINT WARNING * * *
Unknown command.
Things that are here:
a +0 dagger; 3 stones; a kobold corpse You need no library to learn spells.
A jelly comes into view.
The ogre hits you with a +0 giant spiked club!
* * * LOW HITPOINT WARNING * * *
Found 5 gold pieces.
You see here 20 arrows.
The ogre hits you with a +0 giant spiked club!
* * * LOW HITPOINT WARNING * * *
The ogre hits you with a +0 giant spiked club!
You die...

. ....#. #)#.# #.#...#
.. ... .###...###.....#
.. #.# #...#.#...###..#
..##.###.#.# #.#.###..#
......##...###...##...#
......................#
#........####.###.....#
##...##### #.###.#####
####..## #...@.#
#...(..# ##..O###
......#### #.....#
.....##..#####...#
##..#......##....#
#...#.......#...##
(......####.....#
......## #...#..#
.......###...#.##


You could see an ogre.

Vanquished Creatures
  Sigmund (D:3)
  An orc priest (D:3)
  2 hounds
  Natasha (thrice) (D:3)
  An orc wizard (D:3)
  6 adders
  An adder skeleton (D:4)
  A worm (D:2)
  7 orcs
  4 bats
  6 endoplasms
  3 giant cockroaches (D:1)
  7 goblins
  5 hobgoblins
  6 jackals
  14 kobolds
  3 quokkas (D:3)
  6 ball pythons
  2 frilled lizards (D:2)
  7 rats
86 creatures vanquished.

Vanquished Creatures (others)
  5 fulminant prisms (D:3)
  3 plants (D:3)
8 creatures vanquished.

Grand Total: 94 creatures vanquished

Notes
Turn   | Place    | Note
-------+----------+-------------------------------------------
     0 | D:1      | soggyman666 the Djinni Conjurer began the quest for the
                  | Orb.
     0 | D:1      | Reached XP level 1. HP: 15/15 MP: 0/0
   415 | D:1      | Reached XP level 2. HP: 17/21 MP: 0/0
   920 | D:1      | Reached XP level 3. HP: 19/25 MP: 0/0
   920 | D:1      | Learned a level 1 spell: Beastly Appendage
  1388 | D:2      | Reached skill level 4 in Spellcasting
  1612 | D:2      | Reached XP level 4. HP: 26/31 MP: 0/0
  2549 | D:3      | Reached XP level 5. HP: 28/35 MP: 0/0
  2549 | D:3      | Learned a level 2 spell: Wereblood
  2613 | D:3      | Noticed Sigmund
  2641 | D:3      | Noticed Natasha
  2648 | D:3      | Killed Natasha
  2937 | D:3      | Identified the +0 leather armour of Opeputh {rElec}
  3220 | D:3      | Found a faded altar of an unknown god.
  3220 | D:3      | Noticed Natasha
  3225 | D:3      | Killed Natasha
  3226 | D:3      | Reached skill level 5 in Spellcasting
  3388 | D:3      | Reached XP level 6. HP: 34/40 MP: 0/0
  4340 | D:3      | Noticed Natasha
  4345 | D:3      | Killed Natasha
  4446 | D:3      | Killed Sigmund
  4447 | D:3      | Reached XP level 7. HP: 22/45 MP: 0/0
  4447 | D:3      | Learned a level 2 spell: Corpse Rot
  5505 | D:4      | Mangled by an ogre

Illustrated notes

Levels and vault maps discovered:
D:1:      dpeg_arrival_long_road, layout_basic, hangedman_decor_push,
          minivault_19
D:2:      minmay_skewed_foursquare, layout_basic, minmay_octomino_c4
D:3:      cheibrodos_old_hovel, layout_loops_ring,
          ebering_ecumenical_altar_mist, uniq_natasha, uniq_sigmund
D:4:      layout_cave_pools, minmay_starry_boxes

Skill      XL: |  1  2  3  4  5  6 |
---------------+-------------------+-----
Spellcasting   | 4 5 |  5.9
Stealth        | 2 |  2.9
Dodging        | 3 |  3.1
Armour         | |  0.3

Action                   |  1- 3 |  4- 6 |  7- 9 || total
-------------------------+-------+-------+-------++-------
Melee: Unarmed           |     4 |       |       ||     4
       Dagger            |       |     1 |       ||     1
 Cast: Magic Dart        |    52 |    79 |    25 ||   156
       Searing Ray       |     4 |     9 |     1 ||    14
       Dazzling Flash    |       |     3 |     3 ||     6
       Fulminant Prism   |       |     5 |       ||     5
       Corpse Rot        |       |       |     1 ||     1
  Use: Scroll            |     3 |     6 |     1 ||    10
       Potion            |       |       |     1 ||     1
Armor: Robe              |     6 |     2 |     5 ||    13
       Leather armour    |       |     1 |       ||     1
Dodge: Dodged            |     6 |    20 |    16 ||    42

Table legend: (Time is in decaauts)
 A = Elapsed time spent in this place.
 B = Non-inter-level travel time spent in this place.
 C = Inter-level travel time spent in this place.
 D = Time resting spent in this place.
 E = Time spent auto-exploring this place.
 F = Levels seen in this place.
 G = Mean time per level.
                   A        B        C        D        E       F      G
               +--------+--------+--------+--------+--------+-----+--------+
         Total |   5504 |   4917 |    587 |    940 |   3225 |   4 | 1376.0 |
       Dungeon |   5504 |   4917 |    587 |    940 |   3225 |   4 | 1376.0 |
               +--------+--------+--------+--------+--------+-----+--------+

Top non-repeatable levels by time:
     D:3: 2339 daAuts
     D:2: 1549 daAuts
     D:1: 1291 daAuts
     D:4: 324 daAuts
